 Dungeon Crawl Stone Soup version bcrawl-1.21 (webtiles) character file.

Game seed: 18369701894398733836

113 Freyura the Cudgeler (level 4, -2/34 HPs)
             Began as a Demonspawn Gladiator on Feb 8, 2020.
             Slain by Terence
             ... wielding a +0 hand axe of electrocution
              (16 damage)
             ... on level 2 of the Dungeon.
             The game lasted 00:02:54 (1712 turns).

Freyura the Cudgeler (Demonspawn Gladiator)         Turns: 1712, Time: 00:02:55

Health: -2/34      AC: 10    Str: 15    XL:     4   Next: 65%
Magic:  4/4        EV: 12    Int:  9    God:
Gold:   125        SH:  0    Dex: 15    Spells: 3/3 levels left

rFire    . . .     SeeInvis .   a - +0 flail
rCold    . . .     Gourm    .   (no shield)
rNeg     . . .     Faith    .   k - +0 ring mail
rPois    .         Spirit   .   p - +2 helmet
rElec    .         Reflect  .   (no cloak)
rCorr    .         Harm     .   (no gloves)
MR       .....                  (no boots)
Stlth    +.........             (no amulet)
HPRegen  0.11/turn              (no ring)
MPRegen  0.09/turn              (no ring)

@: no status effects
A: talons 2, slimy green scales 1
a: no special abilities


You were on level 2 of the Dungeon.
You were not hungry.

You visited 1 branch of the dungeon, and saw 2 of its levels.

You collected 125 gold pieces.

Inventory:

Hand Weapons
 a - a +0 flail (weapon)
Missiles
 d - 3 throwing nets (quivered) {!f}
Armour
 b - a +0 leather armour
 c - a +0 helmet
 k - a +0 ring mail (worn)
 p - a +2 helmet (worn)
Scrolls
 j - a scroll of noise {unknown}
 m - a scroll of fear {unknown}
 o - a scroll of identify {unknown}
 q - a scroll of immolation {unknown}
Potions
 f - a potion of heal wounds {unknown}
 g - a potion of resistance {unknown}
 h - a potion of agility {unknown}
 i - a potion of invisibility {unknown}
 l - a potion of flight {unknown}
 n - a potion of haste {unknown}
Comestibles
 e - 4 rations {!d}


   Skills:
 + Level 2.8 Fighting
 * Level 3.7 Maces & Flails
 - Level 1.7 Throwing
 + Level 1.5 Armour
 + Level 3.2 Dodging


You had 3 spell levels left.
You didn't know any spells.
Your spell library was empty.

Dungeon Overview and Level Annotations

Branches:
Dungeon (2/12)

Altars:
Uskayaw

Annotations:
D:2 Terence


Innate Abilities, Weirdness & Mutations

You have razor-sharp toenails.
You are partially covered in slimy green scales. (AC +2)


Message History

You are too injured to fight recklessly!
You are too injured to fight recklessly!
You are too injured to fight recklessly!
You hit Terence. Your kick misses Terence.
Terence is moderately wounded.
Terence hits you but does no damage.
You hit Terence but do no damage.
Terence is moderately wounded.
Terence barely misses you.
You hit Terence. Your kick misses Terence.
Terence is heavily wounded.
Terence hits you with a +0 hand axe of electrocution.
You closely miss Terence. You claw Terence, but do no damage.
Terence is heavily wounded.
Terence completely misses you.
You hit Terence. Your kick misses Terence.
Terence is severely wounded.
Terence hits you with a +0 hand axe of electrocution.
You are electrocuted!
You die...

############# #...........#
#.#########.# #.# #.# ######.#
#.##### #.....o#### #.....####
####.Kg@@.# #####..... #..o##.#
##...#..###
#...##.#####.........#
.o.@..'...##.....#..#.#....#
≈≈≈≈≈≈#...######.#..#.##.#.#
#.#.#.#...##.............#.# # #
######.##..#...#####.#
########### #.##..........#.#
..........#######.####..###......


You could see Terence, a gnoll, 2 orcs and a kobold.

Vanquished Creatures
  Jessica (D:2)
  An adder (D:2)
  2 oozes (D:1)
  3 worms
  A dart slug (D:1)
  A leopard gecko (D:1)
  An orc (D:2)
  3 giant cockroaches
  4 hobgoblins
  9 jackals
  9 kobolds
  A quokka (D:2)
  A ball python (D:1)
  4 bats
  4 frilled lizards
  7 goblins
  4 rats
56 creatures vanquished.

Notes
Turn   | Place    | Note
-------+----------+-------------------------------------------
     0 | D:1      | Freyura the Demonspawn Gladiator began the quest for the
                  | Orb.
     0 | D:1      | Reached XP level 1. HP: 16/16 MP: 1/1
    86 | D:1      | Gained mutation: You have sharp toenails. [demonic
                  | ancestry]
    86 | D:1      | Reached XP level 2. HP: 19/22 MP: 2/2
   515 | D:1      | Gained mutation: You have razor-sharp toenails. [demonic
                  | ancestry]
   515 | D:1      | Reached XP level 3. HP: 24/28 MP: 3/3
   675 | D:1      | Reached skill level 1 in Armour
   898 | D:2      | Found a hide-covered altar of Uskayaw.
  1270 | D:2      | Noticed Jessica
  1275 | D:2      | Killed Jessica
  1275 | D:2      | Gained mutation: You are partially covered in slimy green
                  | scales. (AC +2) [demonic ancestry]
  1275 | D:2      | Reached XP level 4. HP: 34/34 MP: 4/4
  1690 | D:2      | Noticed Terence
  1712 | D:2      | Slain by Terence

Skill      XL: |  1  2  3 |
---------------+----------+-----
Maces & Flails | 3 |  3.7
Dodging        | 3 |  3.2
Armour         | 1 |  1.5
Fighting       | |  2.8
Throwing       | |  1.7

Action                   |  1- 3 |  4- 6 || total
-------------------------+-------+-------++-------
Melee: Flail             |   106 |    29 ||   135
       Kick              |    28 |    11 ||    39
 Stab: Sleeping          |     2 |       ||     2
  Eat: Chunk             |     1 |     2 ||     3
Armor: Leather armour    |    18 |       ||    18
       Ring mail         |    19 |    12 ||    31
Dodge: Dodged            |    81 |    22 ||   103
